AoeStats
← Topaxd

Black Forest

505222080Analyzed
4v4 RM · 22d ago on Sep 8, 2026· 49m 40s· 8 players
Game mode
Random Map
Map size
Large (8 player)
Population
200
Speed
Normal
Resources
Standard
Victory
Conquest
Starting age
Dark Age
Ending age
Imperial Age
RankedLock teamsTeams togetherTeam positionsShared explorationLock speedFull tech treeHidden civsTurbo modeCheats
Victory
Defeat
🇺🇸 Celts · United States
709
+13
🇨🇳 Byzantines · China
709
+13
🇨🇳 Turks · China
687
+14
🇹🇷 Britons · Türkiye
602
+19
🇵🇰 Mongols · Pakistan
820
-21
🇨🇱 Burgundians · Chile
679
-16
🇨🇱 Bulgarians · Chile
577
-12
🇹🇷 Gurjaras · Türkiye
523
-10
Wolf4848
12:44 Feudal Age
13:23 Horse Collar
14:22 Wheelbarrow
13:40 Double-Bit Axe
22:56 Castle Age
20:53 Stone Mining
23:55 Hand Cart
24:05 Bow Saw
24:10 Heavy Plow
24:21 Gold Mining
34:13 Imperial Age
32:44 Ballistics
31:53 Pikeman
32:35 Squires
33:28 Gold Shaft Mining
33:23 Forging
33:13 Padded Archer Armor
33:55 Yeomen
33:28 Fletching
33:39 Scale Mail Armor
35:10 Iron Casting
35:17 Leather Archer Armor
36:05 Chemistry
34:51 Arrowslits
35:03 Murder Holes
34:40 Halberdier
35:53 Bodkin Arrow
35:58 Elite Longbowman
37:09 Warwolf
36:41 Sappers
37:39 Conscription
38:34 Two-Man Saw
38:59 Blast Furnace
38:47 Ring Archer Armor
38:01 Treadmill Crane
39:20 Hoardings
39:12 Bracer
41:12 Chain Mail Armor
44:23 Plate Mail Armor
49:04 Heated Shot
一把菜刀
1:05 Loom
16:14 Feudal Age
21:02 Castle Age
19:03 Gold Mining
19:00 Horse Collar
19:12 Double-Bit Axe
22:33 Wheelbarrow
21:45 Town Watch
28:13 Caravan
28:36 Bow Saw
31:25 Stone Mining
32:54 Heavy Plow
33:16 Hand Cart
38:48 Imperial Age
37:12 Pikeman
39:25 Fletching
39:45 Forging
40:21 Ballistics
41:02 Chemistry
39:59 Murder Holes
40:10 Siege Engineers
40:48 Bodkin Arrow
40:54 Padded Archer Armor
41:35 Halberdier
46:36 Heavy Scorpion
1192339610
0:46 Loom
14:47 Feudal Age
14:53 Feudal Age
15:20 Double-Bit Axe
15:17 Horse Collar
16:18 Wheelbarrow
24:50 Castle Age
23:46 Scale Barding Armor
25:48 Hand Cart
26:16 Bow Saw
26:11 Heavy Plow
32:14 Caravan
33:44 Gold Mining
38:07 Imperial Age
36:38 Husbandry
37:19 Treadmill Crane
37:54 Forging
38:08 Chain Barding Armor
39:44 Logistica
39:58 Conscription
39:24 Elite Cataphract
41:03 Cavalier
43:51 Paladin
47:52 Plate Barding Armor
47:53 Iron Casting
YellowyGnu8986
0:28 Loom
15:55 Feudal Age
18:15 Horse Collar
20:37 Castle Age
19:46 Wheelbarrow
19:37 Double-Bit Axe
20:15 Gold Mining
20:59 Stone Mining
21:36 Bow Saw
22:01 Heavy Plow
24:10 Hand Cart
27:09 Gold Shaft Mining
37:17 Imperial Age
36:36 Squires
36:22 Arson
37:00 Ballistics
36:56 Forging
36:38 Fletching
36:49 Padded Archer Armor
37:30 Thumb Ring
38:32 Iron Casting
38:23 Conscription
38:04 Artillery
37:26 Elite Janissary
39:30 Two-Man Saw
39:50 Caravan
40:34 Leather Archer Armor
43:38 Blast Furnace
42:36 Bodkin Arrow
Coffee
18:48 Feudal Age
20:47 Horse Collar
20:55 Double-Bit Axe
26:06 Castle Age
24:27 Gold Mining
24:27 Stone Mining
29:31 Wheelbarrow
28:42 Town Watch
30:35 Husbandry
31:59 Scale Barding Armor
33:30 Bow Saw
33:29 Caravan
33:51 Bloodlines
35:46 Chain Barding Armor
37:03 Heavy Plow
37:28 Forging
38:22 Hand Cart
38:40 Town Patrol
42:05 Gold Shaft Mining
42:07 Stone Shaft Mining
44:37 Imperial Age
43:12 Arson
43:33 Scale Mail Armor
44:08 Iron Casting
43:34 Padded Archer Armor
43:25 Fletching
43:56 Kshatriyas
45:39 Elite Shrivamsha Rider
ricardolarasoza
13:00 Feudal Age
13:38 Double-Bit Axe
17:08 Bow Saw
17:21 Horse Collar
20:14 Wheelbarrow
22:37 Castle Age
23:04 Heavy Plow
25:40 Stone Mining
27:56 Hand Cart
27:58 Gold Mining
28:43 Stone Shaft Mining
29:21 Two-Man Saw
29:25 Crop Rotation
29:48 Gold Shaft Mining
29:17 Squires
28:38 Man-at-Arms
29:04 Arson
31:20 Scale Mail Armor
31:30 Forging
32:25 Fortified Wall
31:56 Treadmill Crane
33:29 Masonry
34:07 Burgundian Vineyards
36:21 Scale Barding Armor
36:55 Iron Casting
39:55 Imperial Age
37:16 Town Watch
38:17 Chain Barding Armor
38:11 Husbandry
37:31 Cavalier
40:03 Elite Coustillier
41:04 Conscription
41:14 Light Cavalry
42:39 Paladin
42:41 Hussar
44:49 Plate Barding Armor
45:15 Blast Furnace
46:59 Chemistry
46:19 Ballistics
48:18 Onager
Topaxd
2:47 Loom
12:24 Feudal Age
13:22 Double-Bit Axe
15:46 Town Watch
15:47 Horse Collar
17:41 Arson
19:17 Gold Mining
24:53 Wheelbarrow
25:29 Bloodlines
25:45 Stone Mining
26:42 Forging
32:41 Castle Age
31:08 Fletching
31:20 Padded Archer Armor
34:44 Squires
34:33 Gambesons
34:10 Pikeman
35:29 Bow Saw
36:16 Stirrups
37:21 Light Cavalry
38:07 Scale Mail Armor
39:18 Elite Skirmisher
43:40 Guard Tower
YellowHaze
2:34 Loom
13:14 Feudal Age
13:41 Double-Bit Axe
14:45 Horse Collar
19:00 Stone Mining
22:32 Castle Age
21:12 Fletching
22:55 Wheelbarrow
23:15 Gold Mining
24:21 Town Watch
25:57 Gold Shaft Mining
26:47 Heavy Plow
28:01 Bloodlines
29:58 Hand Cart
30:58 Ballistics
32:04 Husbandry
33:01 Masonry
32:56 Padded Archer Armor
33:37 Bow Saw
37:54 Imperial Age
36:36 Caravan
36:59 Fortified Wall
36:55 Nomads
37:15 Bodkin Arrow
36:45 Light Cavalry
37:34 Thumb Ring
38:17 Stone Shaft Mining
38:38 Leather Archer Armor
39:36 Chemistry
39:13 Conscription
40:09 Bracer
41:39 Forging
40:53 Hussar
43:26 Iron Casting
43:20 Parthian Tactics
44:50 Elite Mangudai
47:01 Scale Barding Armor
47:57 Blast Furnace
Connection lost

Rejoining the realm…

Still unreachable

The connection could not be restored.

Session expired

The server has moved on; the page needs a fresh start.